AoeStats
← 吐司_ARIES

Arabia

503645342Analyzed
3v3 RM · 29d ago on Sep 1, 2026· 58m 15s· 6 players
Game mode
Random Map
Map size
Normal (6 player)
Population
200
Speed
Normal
Resources
Standard
Victory
Conquest
Starting age
Dark Age
Ending age
Imperial Age
RankedLock teamsTeams togetherTeam positionsShared explorationLock speedFull tech treeHidden civsTurbo modeCheats
Victory
Defeat
🇺🇸 Persians · United States
1113
+16
🇺🇸 Japanese · United States
1071
+18
🇫🇷 Chinese · France
1057
+19
🇹🇼 Persians · Taiwan
1134
-18
🇹🇼 Malay · Taiwan
1120
-18
🇨🇳 Franks · China
1105
-17
skeletor
5:49 Loom
9:21 Feudal Age
10:12 Double-Bit Axe
12:02 Forging
13:49 Scale Barding Armor
19:04 Horse Collar
20:32 Wheelbarrow
23:45 Castle Age
22:09 Scale Mail Armor
22:43 Bloodlines
23:10 Gold Mining
23:31 Pikeman
28:58 Iron Casting
30:57 Chain Barding Armor
31:53 Husbandry
37:31 Squires
39:09 Hand Cart
38:39 Town Watch
41:08 Chain Mail Armor
44:21 Imperial Age
43:57 Heavy Camel Rider
45:13 Plate Barding Armor
45:39 Blast Furnace
48:35 Plate Mail Armor
50:23 Chemistry
51:58 Fletching
52:09 Padded Archer Armor
52:37 Kamandaran
52:52 Bodkin Arrow
52:24 Crossbowman
53:20 Thumb Ring
52:47 Light Cavalry
53:58 Leather Archer Armor
54:43 Conscription
53:53 Hussar
56:06 Ring Archer Armor
KING SHADOW
7:19 Loom
9:51 Feudal Age
10:24 Double-Bit Axe
12:20 Gold Mining
14:13 Fletching
24:19 Castle Age
27:07 Scale Mail Armor
27:17 Forging
26:34 Man-at-Arms
28:06 Bodkin Arrow
32:14 Pikeman
33:58 Elite Skirmisher
35:03 Padded Archer Armor
38:56 Wheelbarrow
41:43 Hand Cart
43:07 Chain Mail Armor
43:28 Iron Casting
46:38 Imperial Age
45:16 Squires
50:22 Plate Mail Armor
50:52 Blast Furnace
49:50 Elite Samurai
51:19 Stone Mining
51:37 Bracer
53:12 Thumb Ring
53:25 Leather Archer Armor
55:30 Ring Archer Armor
58:44 Gold Shaft Mining
Gosu
9:56 Feudal Age
10:43 Double-Bit Axe
13:53 Horse Collar
17:19 Loom
21:41 Gold Mining
25:19 Castle Age
27:28 Squires
26:48 Pikeman
27:19 Elite Skirmisher
30:52 Wheelbarrow
30:20 Scale Mail Armor
30:30 Forging
30:11 Fletching
38:09 Stone Mining
38:56 Gold Shaft Mining
40:45 Chain Mail Armor
41:05 Iron Casting
43:20 Imperial Age
41:06 Hand Cart
41:35 Thumb Ring
41:28 Bodkin Arrow
41:38 Caravan
42:04 Fervor
44:46 Bow Saw
45:21 Conscription
45:06 Bracer
45:06 Padded Archer Armor
45:37 Plate Mail Armor
45:34 Halberdier
45:57 Crossbowman
46:55 Leather Archer Armor
47:41 Blast Furnace
46:37 Capped Ram
50:39 Siege Ram
52:17 Man-at-Arms
52:43 Arson
53:46 Ballistics
54:27 Chemistry
53:39 Masonry
53:24 Murder Holes
53:07 Long Swordsman
54:19 Ring Archer Armor
54:07 Heavy Rocket Cart
54:45 Elite Fire Lancer
55:18 Elite Chu Ko Nu
56:43 Heavy Scorpion
58:06 Stone Shaft Mining
吐司_ARIES
7:21 Loom
9:18 Feudal Age
8:50 Loom
9:52 Double-Bit Axe
9:51 Horse Collar
21:42 Castle Age
22:49 Bow Saw
22:41 Heavy Plow
23:12 Husbandry
25:20 Fletching
27:30 Wheelbarrow
27:31 Bloodlines
27:20 Bodkin Arrow
30:24 Padded Archer Armor
33:05 Ballistics
32:55 Masonry
32:58 Scale Barding Armor
33:03 Forging
37:06 Chain Barding Armor
37:22 Iron Casting
38:52 Hand Cart
41:04 Gold Mining
42:23 Leather Archer Armor
46:19 Gold Shaft Mining
45:35 Stone Mining
51:59 Imperial Age
50:35 Light Cavalry
軍 團 兵 2 號
2:45 Loom
11:58 Feudal Age
12:42 Horse Collar
13:40 Double-Bit Axe
19:06 Man-at-Arms
33:21 Wheelbarrow
33:30 Gold Mining
35:49 Castle Age
36:39 Gold Shaft Mining
36:18 Bow Saw
36:17 Heavy Plow
37:44 Forging
37:39 Scale Barding Armor
43:59 Stone Mining
45:39 Stone Shaft Mining
44:38 Crossbowman
46:56 Fletching
49:27 Murder Holes
57:05 Imperial Age
546308830
1:15 Loom
10:59 Feudal Age
11:52 Double-Bit Axe
23:02 Castle Age
21:09 Gold Mining
22:26 Scale Barding Armor
24:45 Forging
27:39 Fletching
34:19 Imperial Age
35:43 Wheelbarrow
34:55 Town Watch
36:16 Husbandry
37:48 Bow Saw
39:44 Cavalier
43:26 Chain Barding Armor
45:37 Conscription
45:55 Gold Shaft Mining
45:10 Stone Mining
46:20 Plate Barding Armor
46:23 Iron Casting
48:42 Blast Furnace
48:37 Scale Mail Armor
48:25 Pikeman
49:06 Squires
48:51 Gambesons
49:19 Light Cavalry
50:02 Halberdier
52:03 Chain Mail Armor
56:10 Plate Mail Armor
55:37 Bodkin Arrow
55:38 Paladin
Connection lost

Rejoining the realm…

Still unreachable

The connection could not be restored.

Session expired

The server has moved on; the page needs a fresh start.